 Dungeon Crawl Stone Soup version 0.26.0-10-g1f06aea511 (webtiles) character file.

Game seed: 11303761030211913546

10573 Borgoz the Fighter (level 11, -7/97 HPs)
             Began as a Ghoul Gladiator on Jan 14, 2021.
             Was a High Priest of Okawaru.
             Killed from afar by a tengu reaver (32 damage)
             ... with a bolt of lightning
             ... on level 10 of the Dungeon.
             The game lasted 00:20:11 (10492 turns).

Borgoz the Fighter (Ghoul Gladiator)               Turns: 10492, Time: 00:20:12

Health: -7/97      AC: 16    Str: 21    XL:     11   Next: 64%
Magic:  13/13      EV: 18    Int:  3    God:    Okawaru [*****.]
Gold:   900        SH:  3    Dex: 13    Spells: 10/10 levels left

rFire    + . .     SeeInvis +   b - +6 rapier of Eternal Vigilance {elec, Str+2}
rCold    + . .     Faith    .   d - +0 buckler
rNeg     + + +     Spirit   .   k - +3 ring mail {rF+}
rPois    ∞         Reflect  .   c - +0 helmet
rElec    .         Harm     .   w - +0 cloak
rCorr    .         Rampage  .   x - +1 pair of gloves {archery}
Will     .....                  r - +0 pair of boots
Stlth    +.........             s - amulet of regeneration
HPRegen  0.00/turn              g - +4 ring of evasion
MPRegen  0.13/turn              C - ring of see invisible

@: no status effects
A: claws 1, cold resistance 1, negative energy resistance 3, inhibited
regeneration, torment resistance, unbreathing
a: Renounce Religion, Heroism, Finesse


You were on level 10 of the Dungeon.
You worshipped Okawaru.
Okawaru was extremely pleased with you.
You visited 1 branch of the dungeon, and saw 10 of its levels.
You also visited: Ossuary and Bailey.

You collected 1140 gold pieces.
You spent 240 gold pieces at shops.

Inventory:

Hand Weapons
 a - a +0 long sword
 b - the +6 rapier of Eternal Vigilance (weapon) {elec, Str+2}
   (You found it on level 4 of the Dungeon)

   Occasionally, upon striking a foe, it can discharge electrical energy and
   cause terrible harm.
   It affects your strength (+2).
Armour
 c - a +0 helmet (worn)
 d - a +0 buckler (worn)
 k - a +3 ring mail of fire resistance (worn)
 r - a +0 pair of boots (worn)
 w - a +0 cloak (worn)
 x - a +1 pair of gloves of archery (worn)
 F - a +0 troll leather armour
Jewellery
 e - an uncursed ring of ice
 g - a +4 ring of evasion (left hand)
 s - an amulet of regeneration (around neck)
 v - an uncursed ring of willpower
 B - a +4 ring of evasion
 C - a ring of see invisible (right hand)
Wands
 j - a wand of flame (14)
 p - a wand of paralysis (5)
Scrolls
 i - 3 scrolls of teleportation
 m - 4 scrolls of remove curse
 o - a scroll of identify
 u - 2 scrolls of magic mapping
 y - 2 scrolls of fear
 D - a scroll of fog
 E - a scroll of blinking
Potions
 f - 3 potions of magic
 h - 2 potions of heal wounds
 l - 4 potions of brilliance
 q - 2 potions of flight
 t - 2 potions of cancellation
 z - 3 potions of ambrosia
 A - 4 potions of curing


   Skills:
 * Level 9.2 Fighting
 * Level 9.1 Long Blades
 - Level 1.7 Throwing
 * Level 8.4 Armour
 * Level 7.9 Dodging
 - Level 5.0 Invocations


You had 10 spell levels left.
You didn't know any spells.
Your spell library was empty.

Dungeon Overview and Level Annotations

Branches:
Dungeon (10/15)            Temple (0/1) D:7            Lair (0/6) D:8
Ossuary (visited)          Bailey (visited)
    Orc: D:9-12

Altars:
Cheibriados
Dithmenos
Fedhas
Nemelex Xobeh
Okawaru
Qazlal
Ru
Trog
Uskayaw
Wu Jian

Shops:
D:4 (   D:8 =   D:10 (


Innate Abilities, Weirdness & Mutations

You thrive by killing the living.
You are immune to poison.
You have sharp fingernails.
Your flesh is cold resistant. (rC+)
You are immune to negative energy. (rN+++)
You do not regenerate when monsters are visible.
You are immune to unholy pain and torment.
You can survive without breathing.


Message History

The tengu reaver pecks you. The tengu reaver closely misses you.
Unknown command.
Okay, then.
Evoke which item? (* to show all) (? for menu, Esc to quit)
Aiming: Paralyse
Press: ? - help, Shift-Dir - straight line, f/p - tengu reaver
Aim: a tengu reaver, wielding a +2 war axe, wearing a +0 ring mail and wearing a +0 buckler (lightly wounded, chance to affect: 15%)
The tengu reaver resists with almost no effort.
The tengu reaver hits you but does no damage.
The tengu reaver pecks you but does no damage.
The tengu reaver claws you!
* * * LOW HITPOINT WARNING * * *
Evoke which item? (* to show all) (? for menu, Esc to quit)
Aiming: Paralyse
Press: ? - help, Shift-Dir - straight line, f/p - tengu reaver
Aim: a tengu reaver, wielding a +2 war axe, wearing a +0 ring mail and wearing a +0 buckler (lightly wounded, chance to affect: 15%)
The tengu reaver resists with almost no effort.
The tengu reaver casts a spell at you. The bolt of lightning hits you!!
You die...

#####################
#....................
#.....!.###...#......
#.......# #...#......
#.......# #...#......
#.......###...#......
#.............#......
#.............#......
#...@.........#......
#...Q*...............
#.......#######'#####
#.......#.........
#.#.....#.........
#.#.....'...........
#.......#...........
#.......#.........##
#.......#....##...#..


You could see a tengu reaver and a battlesphere.

Vanquished Creatures
  A sphinx (D:10)
  2 two-headed ogres (D:8)
  A manticore (D:10)
  Maurice (D:8)
  A komodo dragon (D:8)
  2 trolls
  Prince Ribbit (D:7)
  A wyvern (D:10)
  A steam dragon (D:9)
  A water moccasin (D:7)
  3 orc warriors
  2 ice beasts
  5 sky beasts
  3 black bears
  3 phantoms
  A necrophage (D:7)
  4 ogres
  4 centaurs
  11 gnoll sergeants
  4 bullfrogs
  A water moccasin skeleton (D:8)
  2 scorpions
  9 killer bees
  3 wights (D:10)
  2 electric eels (D:6)
  A bullfrog zombie (D:5)
  3 howler monkeys
  A centaur skeleton (D:8)
  8 hounds
  6 gnoll shamans (Bailey)
  4 orc priests
  3 jellies
  2 iguanas
  5 worker ants
  6 orc wizards
  A killer bee zombie (D:10)
  2 hound zombies
  A hound skeleton (D:7)
  8 mummies (Ossuary)
  32 gnolls
  14 adders
  2 shadow imps
  4 white imps
  An ufetubus (D:10)
  2 oozes
  An adder skeleton (D:6)
  2 worms (D:3)
  4 dart slugs
  7 leopard geckos
  25 orcs
  8 giant cockroaches
  A gnoll zombie (Ossuary)
  7 goblins
  7 hobgoblins
  4 jackals (D:1)
  3 quokkas
  A ball python (D:3)
  7 bats
  5 frilled lizards
  A hobgoblin zombie (Ossuary)
  8 kobolds
  3 kobold zombies (Ossuary)
  A leopard gecko zombie (D:6)
  3 orc zombies (Ossuary)
  A quokka skeleton (D:7)
  9 rats
  2 rat zombies (D:6)
285 creatures vanquished.

Vanquished Creatures (others)
  An orc (D:6)
  36 plants (D:8)
37 creatures vanquished.

Grand Total: 322 creatures vanquished

Notes
Turn   | Place    | Note
-------+----------+-------------------------------------------
     0 | D:1      | Borgoz the Ghoul Gladiator began the quest for the Orb.
     0 | D:1      | Reached XP level 1. HP: 17/17 MP: 0/0
   221 | D:1      | Reached XP level 2. HP: 23/25 MP: 1/1
   322 | D:1      | Reached skill level 1 in Armour
   331 | D:1      | Reached XP level 3. HP: 16/30 MP: 2/2
   672 | D:1      | Found a snail-covered altar of Cheibriados.
   982 | D:1      | You fall into a shaft and drop 1 floor!
   999 | D:2      | Reached XP level 4. HP: 19/37 MP: 3/3
  1421 | D:2      | Noticed a +0 dagger
  1433 | D:2      | Noticed a +0 hand axe
  1434 | D:2      | Found a hide-covered altar of Uskayaw.
  1845 | D:3      | Found a stormy altar of Qazlal.
  2292 | D:3      | Reached XP level 5. HP: 16/44 MP: 4/4
  2939 | D:4      | Got a dazzling rapier
  3082 | D:4      | Identified the +6 rapier of Eternal Vigilance {elec, Str+2}
                  | (You found it on level 4 of the Dungeon)
  3083 | D:4      | Found a blossoming altar of Fedhas.
  3178 | D:4      | Reached XP level 6. HP: 44/51 MP: 5/5
  3285 | D:4      | Found a sacrificial altar of Ru.
  3465 | D:4      | Found Daudd's Antique Weapon Emporium.
  3618 | D:5      | Entered Level 5 of the Dungeon
  3648 | D:4      | HP: 1/51 [hound (3)]
  3892 | D:5      | Noticed a sky beast
  3894 | D:5      | Noticed a sky beast
  3945 | D:4      | Killed a sky beast
  3946 | D:4      | Reached XP level 7. HP: 27/58 MP: 6/6
  4060 | D:5      | Reached skill level 5 in Long Blades
  4667 | D:6      | Reached XP level 8. HP: 61/67 MP: 7/7
  4706 | D:6      | Found a sand-covered staircase.
  4717 | Ossuary  | Entered an ossuary
  5160 | D:6      | Reached skill level 5 in Armour
  5213 | D:6      | Reached skill level 5 in Fighting
  5265 | D:6      | HP: 1/68 [electric eel/bolt of electricity (9)]
  5639 | D:6      | Found an iron altar of Okawaru.
  5711 | D:6      | Found an ornate altar of the Wu Jian Council.
  5890 | D:6      | Became a worshipper of Warmaster Okawaru
  5910 | D:7      | Reached XP level 9. HP: 74/74 MP: 8/8
  5944 | D:7      | Noticed Prince Ribbit
  6009 | D:7      | Reached skill level 5 in Dodging
  6009 | D:7      | Reached skill level 1 in Invocations
  6069 | D:7      | Killed Prince Ribbit
  6077 | D:7      | Reached * piety under Okawaru
  6291 | D:7      | Got a dull robe
  6465 | D:7      | Identified the +0 robe of Cejimp {Rampage rPois Str+4 Int-5
                  | Stlth+} (You found it on level 7 of the Dungeon)
  6465 | D:7      | Lost intelligence.
  6621 | D:7      | Found a staircase to the Ecumenical Temple.
  6927 | D:8      | Found a flagged portal.
  6942 | Bailey   | Entered a bailey
  7045 | Bailey   | Reached ** piety under Okawaru
  7272 | Bailey   | Reached XP level 10. HP: 17/84 MP: 9/11
  7917 | D:8      | Found Duter's Jewellery Shoppe.
  8166 | D:8      | Noticed Maurice
  8168 | D:8      | Noticed a two-headed ogre
  8185 | D:8      | Reached *** piety under Okawaru
  8207 | D:8      | Killed a two-headed ogre
  8271 | D:8      | Found a staircase to the Lair.
  8274 | D:8      | Killed Maurice
  8409 | D:8      | Found a sparkling altar of Nemelex Xobeh.
  8522 | D:8      | Noticed a two-headed ogre
  8533 | D:8      | Killed a two-headed ogre
  8533 | D:8      | Reached **** piety under Okawaru
  8850 | D:9      | Reached XP level 11. HP: 94/94 MP: 13/13
  8955 | D:9      | Found a bloodstained altar of Trog.
  9515 | D:8      | Bought an uncursed ring of see invisible for 240 gold
                  | pieces
  9566 | D:10     | Entered Level 10 of the Dungeon
  9781 | D:10     | Found a shadowy altar of Dithmenos.
  9938 | D:10     | Reached ***** piety under Okawaru
  9962 | D:10     | Noticed a sphinx
  9962 | D:10     | Noticed a manticore
  9967 | D:10     | Noticed an orc warlord
  9975 | D:10     | Killed a sphinx
  9975 | D:10     | Received a gift from Okawaru
  9977 | D:10     | Noticed an ettin
  9980 | D:10     | Noticed a tengu reaver
  9988 | D:10     | Found Tushrof's Weapon Boutique.
 10283 | D:10     | Received a gift from Okawaru
 10455 | D:10     | Killed a manticore
 10456 | D:10     | Reached skill level 5 in Invocations
 10492 | D:10     | Killed from afar by a tengu reaver

Illustrated notes

Levels and vault maps discovered:
D:1:      scummos_arrival_simple_crosswalls, layout_rooms, minmay_door_square,
          cheibriados_altar_1
D:2:      layout_basic, dancing_weapons_uskayaw
D:3:      layout_loops_ring, nicolae_overflow_hidden_temple,
          nicolae_qazlal_general_emergency
D:4:      layout_rooms, nicolae_overflow_crystal_walls,
          nicolae_ru_great_annihilating_truth, serial_shops, shop,
          corexii_leaking_fountain
D:5:      layout_layer_cave, minmay_fractal_squares_5
D:6:      layout_cave_pools, okawaru_altar_gauntlet_db,
          pdpol_wu_jian_five_deadly_venoms, enter_ossuary_4,
          nicolae_water_bricks, amcnicky_mini_pool_medium
D:7:      minmay_inner_zag, layout_cave_pods, minmay_temple_entry_proselytizer,
          uniq_prince_ribbit1
D:8:      layout_loops_cross, kennysheep_mini_moat, david_lair_shrubbed,
          lightli_bailey_entry_fortress, serial_shops, nicolae_shop_waterfront,
          uniq_maurice
D:9:      layout_layer_cave, lemuel_crystal_altar
D:10:     nzn_winding_woodlands_cross [nzn_winding_woodlands_5x15_default,
          nzn_winding_woodlands_5x15_zeroes,
          nzn_winding_woodlands_5x15_sawtooth,
          nzn_winding_woodlands_5x15_crooked,
          nzn_winding_woodlands_15x15_killbox], layout_stronghold, serial_shops,
          shop, minmay_misc_feat_doors, nicolae_dithmenos_through_a_glass_darkly

Skill      XL: |  1  2  3  4  5  6  7  8  9 10 11 |
---------------+----------------------------------+-----
Long Blades    | 3 4 5 6 7 8 9 |  9.1
Armour         | 1 2 3 4 5 6 7 8 |  8.4
Dodging        | 3 4 5 7 |  7.9
Fighting       | 3 4 5 6 8 9 |  9.2
Invocations    | 2 4 5 |  5.0
Throwing       | |  1.7

Action                   |  1- 3 |  4- 6 |  7- 9 | 10-12 || total
-------------------------+-------+-------+-------+-------++-------
Melee: Long sword        |    88 |   129 |    94 |   216 ||   527
       Rapier            |       |    61 |   311 |   184 ||   556
Throw: Throwing net      |       |     4 |     3 |    17 ||    24
Evoke: Wand              |       |       |       |     5 ||     5
  Use: Scroll            |       |     7 |     9 |     6 ||    22
       Potion            |       |     7 |     4 |     3 ||    14
 Stab: Sleeping          |       |     1 |       |       ||     1
       Paralysed         |       |     1 |       |       ||     1
       Held in net/web   |       |       |     1 |     9 ||    10
       Invisible         |       |       |     2 |       ||     2
Armor: Leather armour    |    28 |    44 |       |       ||    72
       Ring mail         |       |    15 |   117 |   119 ||   251
Dodge: Dodged            |    61 |   170 |   647 |   514 ||  1392
Block: Buckler           |       |       |       |    31 ||    31
       Rpst.: Long sword |    15 |    43 |    40 |    77 ||   175
